 Dungeon Crawl Stone Soup version 0.29-a0-393-g47a863cc1b (webtiles) character file.

Game seed: 10427191160286851379

127 dolemite99 the Chopper (level 5, -2/40 HPs)
             Began as a Hill Orc Fighter on May 10, 2022.
             Was a Believer of Hepliaklqana.
             Blown up by Pikel (16 damage)
             ... with a mindburst bolt
             ... on level 4 of the Dungeon.
             The game lasted 00:03:17 (3149 turns).

dolemite99 the Chopper (Hill Orc Fighter)           Turns: 3149, Time: 00:03:18

Health: -2/40      AC: 10    Str: 21    XL:     5   Next: 11%
Magic:  5/5        EV:  6    Int:  8    God:    Hepliaklqana [**....]
Gold:   125        SH: 13    Dex: 10    Spells: 4/4 levels left

rFire   . . .      SeeInvis .   a - +0 war axe
rCold   . . .      Faith    .   w - +0 kite shield
rNeg    . . .      Spirit   .   s - +0 chain mail
rPois   .          Reflect  +   (no helmet)
rElec   .          Harm     .   (no cloak)
rCorr   .          Rampage  .   j - +0 pair of gloves
Will    .....                   (no boots)
Stlth   ..........              e - amulet of reflection
HPRegen 0.13/turn               (no ring)
MPRegen 0.09/turn               (no ring)

@: mighty, hasted, invisible, very quick
A: reduced essence
a: Renounce Religion, Recall Ancestor, Ancestor Identity


You were on level 4 of the Dungeon.
You worshipped Hepliaklqana.
Hepliaklqana was pleased with you.
You visited 1 branch of the dungeon, and saw 4 of its levels.

You collected 125 gold pieces.

Inventory:

Hand Weapons
 a - a +0 war axe (weapon)
 p - a +0 dagger of holy wrath
 q - a +2 trident of protection
Missiles
 n - 4 poisoned darts
 r - 2 silver boomerangs (quivered)
Armour
 b - a +0 scale mail
 c - a +0 buckler
 j - a +0 pair of gloves (worn)
 s - a +0 chain mail (worn)
 w - a +0 kite shield (worn)
Jewellery
 e - an amulet of reflection (around neck)
 h - a ring of poison resistance
Scrolls
 f - 4 scrolls of teleportation
 g - 2 scrolls of vulnerability
 l - a scroll of fog {unknown}
 t - a scroll of fear {unknown}
 v - 3 scrolls of identify {@r1}
Potions
 d - a potion of might
 m - a potion of attraction {unknown}
 o - 2 potions of degeneration {unknown}
 u - a potion of ambrosia {unknown}


   Skills:
 - Level 3.6 Fighting
 + Level 6.8 Axes
 - Level 3.2 Armour
 - Level 3.2 Shields


You had 4 spell levels left.
You didn't know any spells.
Your spell library contained the following spells:

 Spells                   Type           Power      Damage    Failure   Level
 Freeze                   Ice            0%         1d3       100%        1
 Corpse Rot               Necr/Air       0%         N/A       100%        2
 Poisonous Vapours        Pois/Air       0%         N/A       100%        2
 Frozen Ramparts          Ice            0%         1d2       100%        3
 Hailstorm                Conj/Ice       0%         3d3       100%        4


Dungeon Overview and Level Annotations

Branches:
Dungeon (4/15)
 Temple: D:4-7

Altars:
Elyvilon
Hepliaklqana
Zin

Annotations:
D:4 Pikel


Message History

Pikel, Merchant of Souls comes into view.
He is wielding a +0 whip of freezing, wearing a +2 robe of positive energy and carrying a wand of mindburst (16).
Dunstan gestures at the giant cockroach while chanting.
The stone arrow hits the giant cockroach!
The giant cockroach dies!
You throw a silver boomerang. The silver boomerang hits the lemure.
The lemure is lightly wounded.
A lemure comes into view.
Pikel says, "I touched Geryon's horn once."
What are your orders? t - Shout!
Orders for allies: a - Attack new target. p - Attack previous target. r - Retreat! s - Stop attacking. g - Guard the area. f - Follow me.
Anything else - Cancel.
Guard this area!
Dunstan points at the lemure and mumbles some strange words.
The puff of frost hits the lemure!
The lemure hits Dunstan.
Dunstan hits the lemure with a +0 quarterstaff!
Dunstan gestures at the lemure while chanting.
The puff of frost hits the lemure!
The lemure barely misses Dunstan.
Dunstan hits the lemure with a +0 quarterstaff!
The lemure dies!
Pikel zaps a wand.
Dunstan's mind is blasted!!
Dunstan is blown up!
Pikel zaps a wand.
Your mind is blasted!
Pikel zaps a wand.
Your mind is blasted!
* * * LOW HITPOINT WARNING * * *
Pikel waves his whip at you.
You fade into invisibility!
You feel yourself speed up.
You feel very mighty all of a sudden.
You start resting.
Pikel is nearby!
You closely miss Pikel. Pikel barely misses you.
You barely miss Pikel. You block Pikel's attack.
You strike the helpless Pikel from behind!
You slash Pikel!
Pikel is moderately wounded.
Pikel zaps a wand.
Your mind is blasted!
You die...

#.##########.#...##..##..##.
#.# #<#.5K##..##..##. #.#
#.#.#....#..#.... #.#
###.#...#....#... #.#
#....#..##..#.. #.#
#...#...##...# #.#
####5.........
#.###############K#..##....
#...............@..........
#################.#######..
#... # #.### ###


You could see Pikel (can't see you) and a lemure (can't see you).

Vanquished Creatures
  2 gnolls
  2 adders (D:3)
  3 dart slugs
  2 orcs (D:3)
  8 ball pythons
  5 bats (D:1)
  4 endoplasms
  5 giant cockroaches
  5 hobgoblins
  2 quokkas (D:1)
  2 frilled lizards
  7 goblins
  10 kobolds
  4 rats
61 creatures vanquished.

Vanquished Creatures (collateral kills)
  A lemure (D:4)
  A gnoll (D:2)
  A ball python (D:3)
  A giant cockroach (D:4)
  2 goblins (D:2)
  2 kobolds
  A rat (D:3)
9 creatures vanquished.

Vanquished Creatures (others)
  A battlemage (D:4)
  An ancestor (D:2)
2 creatures vanquished.

Grand Total: 72 creatures vanquished

Notes
Turn   | Place    | Note
-------+----------+-------------------------------------------
     0 | D:1      | dolemite99 the Hill Orc Fighter began the quest for the
                  | Orb.
     0 | D:1      | Reached XP level 1. HP: 19/19 MP: 1/1
    31 | D:1      | Reached skill level 3 in Axes
   150 | D:1      | Reached XP level 2. HP: 10/26 MP: 2/2
   482 | D:1      | Reached skill level 4 in Axes
   699 | D:1      | Reached XP level 3. HP: 31/31 MP: 3/3
  1198 | D:1      | Reached skill level 5 in Axes
  1231 | D:1      | Identified a scroll of acquirement
  1231 | D:1      | Acquired an amulet of reflection
  1286 | D:2      | Found a faded altar of an unknown god.
  1333 | D:2      | Prayed at the altar of an unknown god.
  1333 | D:2      | Became a worshipper of Hepliaklqana the Forgotten
  1333 | D:2      | Reached * piety under Hepliaklqana
  1386 | D:2      | Found a white marble altar of Elyvilon.
  1513 | D:1      | Reached XP level 4. HP: 22/35 MP: 4/4
  1906 | D:2      | Reached skill level 6 in Axes
  2103 | D:3      | Found a glowing silver altar of Zin.
  2328 | D:3      | Reached XP level 5. HP: 35/40 MP: 5/5
  3068 | D:4      | Reached ** piety under Hepliaklqana
  3069 | D:4      | Remembered your ancestor Dunstan as a battlemage
  3116 | D:4      | Noticed a lemure
  3117 | D:4      | Noticed Pikel
  3118 | D:4      | Noticed a lemure
  3123 | D:4      | Killed a lemure
  3149 | D:4      | Blown up by Pikel

Illustrated notes

Levels and vault maps discovered:
D:1:      dpeg_arrival_boxes_within_box, layout_rooms,
          hangedman_abyss_or_decor_lesser_grid, hangedman_decor_growths,
          hangedman_glass_teeth, minmay_pentomino_s2
D:2:      layout_rooms, basic_altar, ebering_ecumenical_altar_abandoned,
          dk_noncrumbling_4, minmay_misc_feat_columns,
          corexii_item_surrounded_by_moat
D:3:      layout_loops_corners, lemuel_tele_altar
D:4:      layout_basic, temple_pool_b, minivault_26,
          nicolae_shop_overcharged_wands, uniq_grinder, uniq_crazy_yiuf_cottage,
          uniq_pikel, uniq_robin

Skill      XL: |  1  2  3  4 |
---------------+-------------+-----
Axes           | 3 4 5 6 |  6.8
Fighting       | |  3.6
Armour         | |  3.2
Shields        | |  3.2

Action                   |  1- 3 |  4- 6 || total
-------------------------+-------+-------++-------
Melee: War axe           |    96 |    62 ||   158
Throw: Dart              |       |    11 ||    11
       Boomerang         |       |     7 ||     7
Invok: Ancestor Identity |       |     1 ||     1
       Ancestor Life: Ba |       |     1 ||     1
  Use: Scroll            |     5 |       ||     5
       Potion            |       |     3 ||     3
 Stab: Invisible         |       |     1 ||     1
Armor: Scale mail        |    49 |    16 ||    65
       Chain mail        |       |     2 ||     2
Dodge: Dodged            |    47 |    19 ||    66
Block: Buckler           |    42 |    31 ||    73
       Reflection        |       |     3 ||     3
       Kite shield       |       |     1 ||     1

Table legend: (Time is in decaauts)
 A = Elapsed time spent in this place.
 B = Non-inter-level travel time spent in this place.
 C = Inter-level travel time spent in this place.
 D = Time resting spent in this place.
 E = Time spent auto-exploring this place.
 F = Levels seen in this place.
 G = Mean time per level.
                   A        B        C        D        E       F      G
               +--------+--------+--------+--------+--------+-----+--------+
         Total |   3194 |   3064 |    130 |    499 |   1892 |   4 |  798.5 |
       Dungeon |   3194 |   3064 |    130 |    499 |   1892 |   4 |  798.5 |
               +--------+--------+--------+--------+--------+-----+--------+

Top non-repeatable levels by time:
     D:1: 1429 daAuts
     D:3: 1093 daAuts
     D:2: 579 daAuts
     D:4: 92 daAuts
